 Dungeon Crawl Stone Soup version 0.30.0-29-ga12c61a403 (webtiles) character file.

Game seed: 17709549435870277272

476 LustLizard the Ruffian (level 7, 0/73 HPs)
             Began as an Octopode Berserker on June 14, 2023.
             Was a Priest of Trog.
             Slain by a gnoll
             ... wielding a +3 spear
             ... led by a gnoll bouda
              (7 damage)
             ... on level 4 of the Dungeon.
             The game lasted 00:04:19 (2754 turns).

LustLizard the Ruffian (Octopode Berserker)         Turns: 2754, Time: 00:04:20

Health: 0/73       AC:  1    Str: 18    XL:     7   Next: 10%
Magic:  0/7        EV: 14    Int:  9    God:    Trog [***...]
Gold:   167        SH:  0    Dex: 12    Spells: 6/6 levels left

rFire   . .          .
                       - Unarmed
rCold   . . .        (no shield)
rNeg    . . .        (helmet restricted)
rPois   .            e - amulet of guardian spirit
rElec   .            (no ring)
rCorr   .            (no ring)
SInv    .            (no ring)
Will    .....        (no ring) Stlth
                     (no ring)
HPRegen 0.32/turn    (no ring)
MPRegen 0.10/turn    (no ring)
                     (no ring)

%: guardian spirit
@: berserking, very quick
A: almost no armour, amphibious, 8 rings, camouflage 1, gelatinous body 1,
(nimble swimmer 1), tentacles
a: Renounce Religion, Berserk, Trog's Hand


You were on level 4 of the Dungeon.
You worshipped Trog.
Trog was most pleased with you.
You visited 1 branch of the dungeon, and saw 4 of its levels.

You collected 167 gold pieces.

Inventory:

Jewellery
 e - an amulet of guardian spirit (around mantle)
Wands
 l - a wand of polymorph (10)
Scrolls
 a - 2 scrolls of immolation {unknown}
 c - 2 scrolls of identify
 i - 3 scrolls of teleportation {unknown}
 j - a scroll of enchant armour {unknown}
 m - 2 scrolls of noise {unknown}
 n - a scroll of amnesia {unknown}
 o - a scroll of acquirement {unknown}
Potions
 b - a potion of curing
 d - a potion of might {unknown}
 f - a potion of lignification {unknown}
 g - 2 potions of mutation
 h - a potion of heal wounds {unknown}
 k - a potion of attraction {unknown}
 p - a potion of invisibility {unknown}
 q - a potion of degeneration {unknown}
 r - 2 potions of haste {unknown}


   Skills:
 + Level 4.3 Fighting
 + Level 4.3 Dodging
 + Level 4.3 Stealth
 * Level 5.4 Unarmed Combat


You had 6 spell levels left.
You didn't know any spells.
Your spell library was empty.

Dungeon Overview and Level Annotations

Branches:
Dungeon (4/15)
 Temple: D:4-7

Altars:
Makhleb


Innate Abilities, Weirdness & Mutations

You cannot wear most types of armour.
You are amphibious.
You can wear up to eight rings at the same time.
Your skin changes colour to match your surroundings (Stealth+).
Your rubbery body absorbs attacks. (AC +1, EV +1)
((You are camouflaged when in or above water. (Stealth+)))
You have tentacles for arms and can constrict up to eight enemies at once.


Message History

You barely miss the gnoll bouda. You grab the gnoll bouda.
You squeeze the gnoll bouda.
The gnoll bouda is severely wounded.
You constrict the gnoll bouda. The hobgoblin hits you.
The gnoll bouda barely misses you.
The gnoll hits you from afar with a +3 spear!
Unknown command.
A red film seems to cover your vision as you go berserk!
You feel yourself moving faster!
You feel mighty!
You constrict the gnoll bouda. The gnoll hits you with a +0 flail.
The hobgoblin hits you.
The gnoll bouda hits you with a +0 whip!
The gnoll hits you from afar with a +3 spear.
You bludgeon the gnoll bouda!
You kill the gnoll bouda!
Trog accepts your kill.
You have reached level 7!
You tentacle-slap the gnoll. You grab the gnoll.
The gnoll is moderately wounded.
You constrict the gnoll, but do no damage.
The hobgoblin barely misses you. The gnoll hits you with a +0 flail!
* * * LOW HITPOINT WARNING * * *
The gnoll hits you from afar with a +3 spear!
* * * LOW HITPOINT WARNING * * *
You bludgeon the gnoll!
You kill the gnoll!
Trog accepts your kill.
Unknown command.
You batter the gnoll!!
You kill the gnoll!
Trog accepts your kill.
The gnoll hits you from afar with a +3 spear!
* * * LOW HITPOINT WARNING * * *
The hobgoblin completely misses you.
Unknown command.
You closely miss the gnoll. You grab the gnoll. You squeeze the gnoll!
You kill the gnoll!
Trog accepts your kill.
The gnoll hits you from afar with a +3 spear!
You die...

#...#... ..... .......
###..#. #)....
.....#.##....#
#..#..)#.....# .....? g.g.#
.#.#.#..###...##g).#
...#...........#@).#
#..#...............###
.....................##
.........#............###..
.........#.#.......#........
.........#.######....#.#...#
.........#.# #..........#..
####.####..# #............#
#.# #.## ##...........##


You could see 2 gnolls and a hobgoblin.

Vanquished Creatures
  A black bear (D:4)
  A quasit (D:4)
  A gnoll bouda (D:4)
  Terence (D:2)
  Natasha (thrice) (D:2)
  Robin (D:2)
  7 gnolls
  4 adders
  A shadow imp (D:4)
  3 white imps (D:4)
  An ufetubus (D:4)
  2 worms
  4 dart slugs
  6 ball pythons
  6 bats
  5 endoplasms
  2 giant cockroaches (D:2)
  8 goblins
  7 hobgoblins
  3 jackals (D:3)
  5 quokkas
  2 frilled lizards
  4 kobolds
  5 rats
83 creatures vanquished.

Notes
Turn   | Place    | Note
-------+----------+-------------------------------------------
     0 | D:1      | LustLizard the Octopode Berserker began the quest for the
                  | Orb.
     0 | D:1      | Reached XP level 1. HP: 16/16 MP: 1/1
    90 | D:1      | Reached XP level 2. HP: 21/21 MP: 2/2
   121 | D:1      | Reached skill level 1 in Stealth
   249 | D:1      | Found a faded altar of an unknown god.
   671 | D:2      | Reached XP level 3. HP: 26/26 MP: 3/3
   686 | D:2      | Noticed Robin
   695 | D:2      | Reached ** piety under Trog
   700 | D:2      | Killed Robin
   838 | D:2      | Noticed Terence
   870 | D:2      | Noticed Natasha
   875 | D:2      | Killed Natasha
   876 | D:2      | Reached XP level 4. HP: 26/31 MP: 2/4
  1057 | D:2      | You fall into a shaft and drop 2 floors!
  1088 | D:4      | Reached skill level 4 in Unarmed Combat
  1095 | D:4      | Noticed a black bear
  1251 | D:2      | Reached XP level 5. HP: 36/36 MP: 5/5
  1501 | D:2      | Noticed Natasha
  1506 | D:2      | Killed Natasha
  1624 | D:2      | Noticed Natasha
  1721 | D:2      | Killed Terence
  1804 | D:2      | Killed Natasha
  2000 | D:3      | Found a burning altar of Makhleb.
  2044 | D:3      | Reached XP level 6. HP: 43/43 MP: 6/6
  2428 | D:3      | Reached *** piety under Trog
  2466 | D:4      | Killed a black bear
  2467 | D:4      | Reached skill level 5 in Unarmed Combat
  2751 | D:4      | Reached XP level 7. HP: 34/48 MP: 3/7
  2754 | D:4      | Slain by a gnoll

Illustrated notes

Levels and vault maps discovered:
D:1:      dpeg_arrival_boxorama, layout_rooms,
          hellmonk_ecumenical_altar_heavens_door
D:2:      layout_loops_ring, uniq_robin, uniq_terence, uniq_natasha
D:3:      layout_rooms, old_standard_altar
D:4:      layout_rooms, kennysheep_mini_moat, minmay_temple_entry_arrows,
          serial_demonic, serial_demonic_a, serial_demonic_f, serial_demonic_d,
          serial_demonic_f

Skill      XL: |  1  2  3  4  5  6 |
---------------+-------------------+-----
Stealth        | 1 2 3 4 |  4.3
Unarmed Combat | 4 5 |  5.4
Dodging        | 4 |  4.3
Fighting       | 4 |  4.3

Action                     |  1- 3 |  4- 6 |  7- 9 || total
---------------------------+-------+-------+-------++-------
  Melee: Unarmed           |    66 |   112 |     4 ||   182
         Constrict         |    12 |    29 |     2 ||    43
         Tentacles         |    11 |    24 |     1 ||    36
         Punch             |     1 |     5 |       ||     6
 Invoke: Berserk           |       |     3 |       ||     3
    Use: Scroll            |     1 |     1 |       ||     2
   Stab: Sleeping          |     9 |    14 |       ||    23
         Distracted        |       |     3 |       ||     3
 Armour: Skin              |     1 |     5 |       ||     6
  Dodge: Dodged            |    28 |    65 |     2 ||    95
